 Dungeon Crawl Stone Soup version 0.31.0-12-g77e489cdc1 (webtiles) character file.

Game seed: 11139408160524836862

20043 gohu the Geomancer (level 12, -1/80 HPs)
             Began as a Gargoyle Earth Elementalist on Mar 4, 2024.
             Was an Elder of Ashenzari.
             Slain by a cane toad simulacrum (7 damage)
             ... in an ice cave.
             The game lasted 00:45:29 (15014 turns).

gohu the Geomancer (Gargoyle Earth Elementalist)   Turns: 15014, Time: 00:45:30

Health: -1/80      AC: 15    Str: 13    XL:     12   Next: 75%
Magic:  5/26       EV: 11    Int: 20    God:    Ashenzari [****..]
Gold:   728        SH:  7    Dex: 10    Spells: 21/32 levels left

rFire   . . .        T - staff of conjuration
rCold   . . .        y - +2 buckler of the All-seeing God {Elem, Fort} (curse)
rNeg    + . .        a - +0 robe "Mutualism of Ashenzari" {Elem, Melee} (curse)
rPois   ∞            c - +1 hat
rElec   +            (no cloak)
rCorr   .            R - +0 pair of gloves "Share My the Doldrums" {Self, Bglg} (curse)
SInv    +            A - +0 pair of boots of the Cursed Suspicion {Comp, Dev} (curse)
Will    ++...        o - amulet of magic regeneration
Stlth   ++           f - ring "Eternal With Me" {Will+, Melee, Dev} (curse)
HPRegen 0.33/turn    U - ring of Ashenzari's Sybil {Will+, Bglg, Sorc} (curse)
MPRegen 0.60/turn

%: clarity
@: no status effects
A: sickness immunity, AC +8, negative energy resistance 1, electricity
resistance, torment resistance 1, petrification resistance
a: Renounce Religion, Curse Item, Shatter the Chains


You were in an ice cave.
You worshipped Ashenzari.
Ashenzari was greatly pleased with you.
You visited 2 branches of the dungeon, and saw 13 of its levels.
You also visited: Ossuary and Ice Cave.

You collected 728 gold pieces.

Inventory:

Hand Weapons
 E - a +2 heavy sling
Missiles
 j - 14 boomerangs (quivered)
 H - a throwing net
 O - 4 javelins
Armour
 a - the cursed +0 robe "Mutualism of Ashenzari" (worn) {Elem, Melee}

   It has a curse which improves the following skills: Elements: Fire Magic, Ice
   Magic, Air Magic and Earth Magic.
   Melee Combat: Short Blades, Long Blades, Axes, Maces & Flails, Polearms,
   Staves and Unarmed Combat.
 c - a +1 hat (worn)
 y - the cursed +2 buckler of the All-seeing God (worn) {Elem, Fort}
   (You found it on level 6 of the Dungeon)

   It has a curse which improves the following skills: Elements: Fire Magic, Ice
   Magic, Air Magic and Earth Magic.
   Fortitude: Armour and Shields.
 z - the +2 ring mail of Safe {rElec}
   (You found it on level 10 of the Dungeon)

   rElec:     It insulates you from electricity.
 A - the cursed +0 pair of boots of the Cursed Suspicion (worn) {Comp, Dev}
   (You found it on level 6 of the Dungeon)

   It has a curse which improves the following skills: Companions: Summonings
   and Necromancy.
   Devices:   Evocations and Shapeshifting.
 F - a +0 pair of gloves
 G - a +0 pair of boots
 J - a +1 robe of cold resistance
 R - the cursed +0 pair of gloves "Share My the Doldrums" (worn) {Self, Bglg}
   (You found it on level 7 of the Dungeon)

   It has a curse which improves the following skills: Introspection: Fighting
   and Spellcasting.
   Beguiling: Hexes and Translocations.
Magical Staves
 M - a staff of cold
 T - a staff of conjuration (weapon)
Jewellery
 f - the cursed ring "Eternal With Me" (left hand) {Will+, Melee, Dev}
   (You found it on level 1 of the Dungeon)

   [ring of willpower]

   Will+:     It increases your willpower.
   It has a curse which improves the following skills: Melee Combat: Short
   Blades, Long Blades, Axes, Maces & Flails, Polearms, Staves and Unarmed
   Combat.
   Devices:   Evocations and Shapeshifting.
 o - an amulet of magic regeneration (around neck)
 q - a +4 ring of protection
 w - a +6 ring of strength
 x - the ring of Xom's Grace {Wiz Fly rC- Dex+3 Slay+3}
   (You found it on level 11 of the Dungeon)

   [ring of wizardry]

   Wiz:       It improves your spell success rate.
   Dex+3:     It affects your dexterity (+3).
   Slay+3:    It affects your accuracy & damage with ranged weapons and melee
   (+3).
   rC-:       It makes you vulnerable to cold.
   Fly:       It grants you flight.
 K - a ring of protection from cold
 U - the cursed ring of Ashenzari's Sybil (right hand) {Will+, Bglg, Sorc}
   (You found it on level 8 of the Dungeon)

   [ring of willpower]

   Will+:     It increases your willpower.
   It has a curse which improves the following skills: Beguiling: Hexes and
   Translocations.
   Sorcery:   Conjurations and Alchemy.
Wands
 B - a wand of light (14)
 N - a wand of charming (21)
 V - a wand of digging (4)
 Z - a wand of roots (6)
Scrolls
 g - 2 scrolls of teleportation
 i - 2 scrolls of poison
 m - 2 scrolls of immolation
 n - 5 scrolls of fear
 p - 2 scrolls of summoning
 r - 3 scrolls of amnesia
 t - a scroll of revelation
 C - a scroll of fog
 D - a scroll of enchant weapon
 Q - 2 scrolls of blinking
 W - a scroll of enchant armour
 X - a scroll of brand weapon
Potions
 b - a potion of magic
 d - 3 potions of lignification
 e - 7 potions of heal wounds
 h - 5 potions of curing
 k - 2 potions of brilliance
 l - 5 potions of mutation
 s - 4 potions of invisibility
 u - 6 potions of might
 v - 4 potions of ambrosia
 I - 3 potions of haste
 L - 2 potions of resistance
 P - 5 potions of cancellation
 S - a potion of enlightenment
 Y - a potion of berserk rage


   Skills:
 + Level 9.6(11.4) Fighting
 - Level 8.2(10.0) Armour
 - Level 1.5 Dodging
 - Level 2.1 Stealth
 - Level 4.2(6.0) Shields
 + Level 8.7(10.5) Spellcasting
 * Level 11.7(13.4) Conjurations
 * Level 11.9(14.6) Earth Magic


You had 21 spell levels left.
You knew the following spells:

 Your Spells              Type           Power      Damage    Failure   Level
a - Sandblast             Erth           100%       2d20      1%          1
b - Stone Arrow           Conj/Erth      100%       3d13      1%          3
c - Brom's Barrelling Bo  Conj/Erth      79%        2d9       1%          4
d - Passwall              Erth           62%        N/A       1%          3

Your spell library contained the following spells:

 Spells                   Type           Power      Damage    Failure   Level
 Kiss of Death            Conj/Necr      100%       2d13      1%          1
 Sting                    Conj/Alch      100%       1d9       1%          1
 Momentum Strike          Conj/Tloc      100%       3d10      1%          2
 Hailstorm                Conj/Ice       55%        3d11      1%          3
 Petrify                  Alch/Erth      40%        N/A       4%          4
 Apportation              Tloc           24%        N/A       8%          1
 Necrotise                Necr           44%        1d6       8%          1
 Slow                     Hex            48%        N/A       8%          1
 Summon Small Mammal      Summ           44%        N/A       8%          1
 Blink                    Tloc           24%        N/A       11%         2
 Lesser Beckoning         Tloc           24%        N/A       11%         2
 Mercury Vapours          Alch/Air       22%        N/A       12%         2
 Irradiate                Conj/Alch      27%        3d20      14%         5
 Confusing Touch          Hex            12%        N/A       22%         3
 Inner Flame              Hex/Fire       12%        N/A       22%         3
 Ozocubu's Armour         Ice            12%        N/A       22%         3
 Sigil of Binding         Hex            12%        N/A       22%         3
 Summon Ice Beast         Ice/Summ       11%        N/A       22%         3
 Fugue of the Fallen      Necr           11%        N/A       24%         3
 Vampiric Draining        Necr           11%        2d6       24%         3
 Manifold Assault         Tloc           12%        N/A       58%         4
 Dispel Undead            Necr           11%        3d9       61%         4
 Martyr's Knell           Necr/Summ      11%        N/A       61%         4
 Olgreb's Toxic Radiance  Alch           11%        N/A       61%         4
 Curse of Agony           Necr           11%        N/A       91%         5
 Sculpt Simulacrum        Ice/Alch       5%         N/A       100%        6
 Ignition                 Fire           6%         3d4       100%        8


Dungeon Overview and Level Annotations

Branches:
Dungeon (12/15)            Temple (1/1) D:5            Lair (0/5) D:9
    Orc (0/2) D:11        Ossuary (visited)           IceCv (1/1)

Altars:
Ashenzari
Cheibriados
Dithmenos
Elyvilon
Fedhas
Gozag
Hepliaklqana
Kikubaaqudgha
Makhleb
Nemelex Xobeh
Okawaru
Qazlal
Ru
Sif Muna
Trog
Uskayaw
Vehumet
Wu Jian
Xom
Yredelemnul
Zin
The Shining One

Shops:
D:10 (

Portals:
Trove: D:10 (give 2 scrolls of acquirement)

Annotations:
D:9 2 transporters, 7tar4e's ghost, novice VSFi
D:11 1 runed translucent door, Phaedo's ghost, journeyman DjFE


Innate Abilities, Weirdness & Mutations

You are immune to sickness and miasma.
Your stone body is resilient. (AC +8)
You are immune to poison.
You resist negative energy. (rN+)
You are resistant to electric shocks. (rElec)
You are resistant to unholy torment.
You are immune to petrification.


Message History

Aim: an elephant simulacrum (100% to hit)
The blast of sand hits the elephant simulacrum.
The elephant simulacrum is lightly damaged.
You block the cane toad simulacrum's attack.
You block the elephant simulacrum's attack.
The elephant simulacrum barely misses you.
The cane toad simulacrum hits you. The cane toad simulacrum freezes you!
The elephant simulacrum tramples you but does no damage.
The elephant simulacrum barely misses you.
Casting: Sandblast (safe; 1% risk of failure)
Confirm with . or Enter, or press ? or * to list all spells.
Aiming: Sandblast (safe; 1% risk of failure)
Press: ? - help, Shift-Dir - straight line, f/p - elephant simulacrum
Aim: an elephant simulacrum (lightly damaged, 100% to hit)
The blast of sand hits the elephant simulacrum!
The elephant simulacrum is severely damaged.
The cane toad simulacrum closely misses you.
The elephant simulacrum tramples you.
You hold your ground!
The elephant simulacrum trunk-slaps you but does no damage.
Casting: Sandblast (safe; 1% risk of failure)
Confirm with . or Enter, or press ? or * to list all spells.
Aiming: Sandblast (safe; 1% risk of failure)
Press: ? - help, Shift-Dir - straight line, f/p - elephant simulacrum
Aim: an elephant simulacrum (severely damaged, 100% to hit)
The blast of sand hits the elephant simulacrum!
The elephant simulacrum vaporises!
You block the cane toad simulacrum's attack.
The cane toad simulacrum hits you. The cane toad simulacrum freezes you!
* * * LOW HITPOINT WARNING * * *
Casting: Sandblast (safe; 1% risk of failure)
Confirm with . or Enter, or press ? or * to list all spells.
Aiming: Sandblast (safe; 1% risk of failure)
Press: ? - help, Shift-Dir - straight line, f - cane toad simulacrum
Aim: a cane toad simulacrum (97% to hit)
The blast of sand hits the cane toad simulacrum!
The cane toad simulacrum is severely damaged.
The cane toad simulacrum hits you!
* * * LOW HITPOINT WARNING * * *
The cane toad simulacrum freezes you!
You die...

*###*
*###...*
*#......,
##.......,
##........,
#.......8.,
#.°.......,
#@∩......!,
#.Z.......,
#.......8.,
##........,
##.......,
*#......,
*###...*
*###*


You could see a cane toad simulacrum.

Vanquished Creatures
  Gastronok (D:11)
  Josephine (D:11)
  Fannar (D:11)
  Erolcha (D:9)
  3 two-headed ogres
  Amaemon (D:11)
  2 manticores
  A cyclops (D:8)
  An orange demon (D:11)
  A komodo dragon (D:9)
  A freezing wraith (IceCv)
  Grinder (D:4)
  A vampire (D:9)
  7 wraiths
  20 yaks
  A warg (D:11)
  4 steam dragons
  A basilisk (D:9)
  9 vampire mosquitoes
  A death yak simulacrum (D:12)
  A water moccasin (D:6)
  An acid dragon (D:8)
  10 orc warriors
  A black bear (D:5)
  2 sky beasts
  3 wolves (D:8)
  5 ogres
  3 centaurs
  6 kobold brigands
  A weeping skull (Ossuary)
  4 bullfrogs
  2 gnoll sergeants (D:8)
  3 two-headed ogre simulacra (D:12)
  8 wights
  2 burial acolytes (Ossuary)
  2 elephant simulacra
  6 killer bees (D:8)
  An electric eel (D:6)
  11 howler monkeys
  A centaur zombie (Ossuary)
  A human zombie (Ossuary)
  2 jellies (D:5)
  11 orc priests
  A gnoll bouda (D:8)
  7 hounds
  2 iguanas
  21 orc wizards
  A spriggan simulacrum (D:12)
  2 troll simulacra (D:12)
  A polar bear simulacrum (IceCv)
  2 hound zombies (Ossuary)
  3 mummies
  13 gnolls
  7 adders
  2 white imps
  An ufetubus (D:7)
  2 ribbon worms
  44 orcs
  6 ball pythons
  11 endoplasms
  2 giant cockroaches
  13 goblins
  7 hobgoblins
  3 jackals (D:2)
  2 quokkas
  4 bats
  4 frilled lizards
  8 gnoll zombies (Ossuary)
  12 kobolds
  2 orc zombies (Ossuary)
  2 rats (D:2)
331 creatures vanquished.

Vanquished Creatures (collateral kills)
  A yak (D:10)
  A wight (D:8)
  36 boulders
38 creatures vanquished.

Vanquished Creatures (others)
  46 boulders
46 creatures vanquished.

Grand Total: 415 creatures vanquished

Notes
Turn   | Place    | Note
-------+----------+-------------------------------------------
     0 | D:1      | gohu the Gargoyle Earth Elementalist began the quest for
                  | the Orb.
     0 | D:1      | Reached XP level 1. HP: 10/10 MP: 3/3
   277 | D:1      | Reached XP level 2. HP: 10/15 MP: 0/5
   671 | D:1      | Reached XP level 3. HP: 19/19 MP: 4/6
   746 | D:1      | Reached skill level 5 in Earth Magic
  1514 | D:2      | Reached XP level 4. HP: 24/24 MP: 5/7
  2544 | D:3      | Found a faded altar of an unknown god.
  2859 | D:4      | You fall into a shaft and drop 3 floors!
  2867 | D:7      | Found a sand-covered staircase.
  2888 | D:7      | Noticed a bullfrog
  2896 | D:7      | Killed a bullfrog
  2897 | D:7      | Reached XP level 5. HP: 21/28 MP: 2/8
  2917 | Ossuary  | Entered an ossuary
  2917 | Ossuary  | Noticed a weeping skull
  2917 | Ossuary  | Noticed a weeping skull
  2917 | Ossuary  | Noticed a weeping skull
  3010 | Ossuary  | Found an ancient bone altar of Kikubaaqudgha.
  3138 | Ossuary  | Reached XP level 6. HP: 32/32 MP: 6/9
  3507 | Ossuary  | Reached XP level 7. HP: 17/36 MP: 4/10
  3673 | D:7      | Found a sacrificial altar of Ru.
  3791 | D:6      | Learned a level 3 spell: Stone Arrow
  3830 | D:5      | Entered Level 5 of the Dungeon
  4270 | D:4      | Reached skill level 1 in Shields
  4745 | D:4      | Noticed Grinder
  4756 | D:4      | Killed Grinder
  4915 | D:4      | Reached XP level 8. HP: 41/41 MP: 10/12
  5323 | D:5      | Reached skill level 1 in Fighting
  5538 | D:5      | Found a staircase to the Ecumenical Temple.
  5544 | Temple   | Entered the Ecumenical Temple
  5559 | Temple   | Became a worshipper of Ashenzari the Shackled
  6043 | D:5      | Found a shimmering blue altar of Sif Muna.
  6610 | D:6      | Found a glowing golden altar of the Shining One.
  6807 | D:6      | Reached * piety under Ashenzari
  6850 | D:6      | Found a shimmering altar of Xom.
  6991 | D:6      | Reached skill level 1 in Armour
  6991 | D:6      | Reached skill level 5 in Conjurations
  7356 | D:7      | Reached XP level 9. HP: 50/50 MP: 12/15
  7703 | D:7      | Reached ** piety under Ashenzari
  7936 | D:7      | Noticed a two-headed ogre
  7940 | D:7      | Killed a two-headed ogre
  8090 | D:7      | Reached skill level 5 in Spellcasting
  8410 | D:8      | Found a sparkling altar of Nemelex Xobeh.
  8507 | D:8      | Reached skill level 5 in Fighting
  8632 | D:7      | Reached XP level 10. HP: 58/59 MP: 15/18
  8650 | D:8      | Reached skill level 5 in Armour
  8814 | D:8      | Learned a level 4 spell: Brom's Barrelling Boulder
  8818 | D:8      | Learned a level 3 spell: Passwall
  9311 | D:8      | Noticed a cyclops
  9334 | D:8      | Killed a cyclops
 10901 | D:9      | Reached XP level 11. HP: 69/69 MP: 9/23
 11212 | D:9      | Noticed a two-headed ogre
 11218 | D:9      | Killed a two-headed ogre
 11238 | D:9      | Reached *** piety under Ashenzari
 11445 | D:9      | Noticed Erolcha
 11519 | D:9      | Killed Erolcha
 11696 | D:9      | Found an ornate altar of the Wu Jian Council.
 11839 | D:9      | Noticed an ice dragon
 11847 | D:9      | Found a transporter.
 11852 | D:9      | Noticed 7tar4e's ghost (novice VSFi)
 11852 | D:9      | Noticed a moth of wrath
 11866 | D:9      | Found a transporter.
 11957 | D:9      | Found a staircase to the Lair.
 12139 | D:9      | Noticed a manticore
 12142 | D:9      | Killed a manticore
 12180 | D:10     | Entered Level 10 of the Dungeon
 12180 | D:10     | Found Qayxi's Weapon Boutique.
 12345 | D:10     | Reached skill level 10 in Conjurations
 12354 | D:10     | Reached skill level 10 in Earth Magic
 12395 | D:10     | Found a snail-covered altar of Cheibriados.
 12454 | D:10     | Found a portal to a secret trove of treasure.
 12489 | D:10     | Found a hide-covered altar of Uskayaw.
 12509 | D:10     | Reached **** piety under Ashenzari
 12746 | D:10     | Identified the +2 ring mail of Safe {rElec}
 12747 | D:10     | Found an iron altar of Okawaru.
 13007 | D:10     | Found a radiant altar of Vehumet.
 13196 | D:11     | Found a radiant altar of Vehumet.
 13235 | D:11     | Noticed Fannar
 13243 | D:11     | Killed Fannar
 13244 | D:11     | Reached XP level 12. HP: 34/79 MP: 4/25
 13413 | D:11     | Noticed Josephine
 13456 | D:11     | Killed Josephine
 13631 | D:11     | Found a runed translucent door.
 13631 | D:11     | Found a shimmering altar of Xom.
 13631 | D:11     | Noticed Phaedo's ghost (journeyman DjFE)
 13691 | D:11     | Identified the +6 lajatang "Zosieheri" {pain, *Slow rPois
                  | Str+6}
 13695 | D:11     | Noticed a two-headed ogre
 13703 | D:11     | Killed a two-headed ogre
 13782 | D:11     | Identified the ring of Xom's Grace {Wiz Fly rC- Dex+3
                  | Slay+3}
 13804 | D:11     | Noticed Amaemon
 13851 | D:11     | Killed Amaemon
 13906 | D:11     | Found a staircase to the Orcish Mines.
 14391 | D:11     | Noticed Gastronok
 14428 | D:11     | Killed Gastronok
 14721 | D:12     | Found a frozen archway.
 15002 | IceCv    | Entered an ice cave
 15014 | IceCv    | Slain by a cane toad simulacrum

Illustrated notes

Levels and vault maps discovered:
D:1:      dpeg_arrival_lava_temple_mockup, layout_loops_cross,
          minmay_misc_feat_alley
D:2:      layout_basic
D:3:      layout_basic, shapermc_ecumenical_altar_gd, serial_park_tiny_pond,
          palyth_stone_intersect, kennysheep_generic_room_7
D:4:      corexii_shantytown, layout_basic, uniq_grinder
D:5:      layout_layer_cave, nicolae_sif_muna_little_library,
          minmay_temple_entry_purple_smoke, minmay_holes
D:6:      layout_gridville, mainiacjoe_overflow_catch_the_wave
D:7:      layout_cave_pools, nicolae_ru_sacrificial_ziggurat,
          gup_ossuary_entry_pyramid, grunt_ministairs_5, eino_curves_01,
          kennysheep_small_square
D:8:      lemuel_castle_with_subvaults [lemuel_castle_interior_carwin_2],
          layout_loops_cross, mainiacjoe_overflow_alcove_4, serial_glass,
          glass_columns_a, glass_columns_b, nicolae_sextant
D:9:      layout_rooms, nzn_wu_jian_council_hall, david_lair_shrubbed,
          gammafunk_ghost_berserking_beasts, minmay_microvault, uniq_erolcha
D:10:     layout_basic, mainiacjoe_overflow_concentric_impassable,
          okawaru_ov_weapons_minmay, slow_altar_2, general_overflow_altar,
          nicolae_trove_entry_crossroad, nicolae_stop_n_shop_2
D:11:     layout_roguey, erik_orc_3, ebering_ghost_xom, vehumet_altar_wand_db,
          uniq_fannar, uniq_gastronok, uniq_amaemon, uniq_josephine
D:12:     layout_basic, portal_ice_cave_entry_ice_simulacra
Temple:   nicolae_temple_bog_church
IceCv:    ice_cave_statue_garden_transporter

Skill      XL: |  1  2  3  4  5  6  7  8  9 10 11 12 |
---------------+-------------------------------------+-----
Earth Magic    | 4 5 7 9 10 11 | 11.9
Conjurations   | 3 5 7 8 10 11 | 11.7
Shields        | 2 3 4 |  4.2
Spellcasting   | 4 5 6 8 |  8.7
Fighting       | 3 5 7 8 9 |  9.6
Armour         | 2 4 6 8 |  8.2
Dodging        | |  1.5
Stealth        | |  2.1

Action                     |  1- 3 |  4- 6 |  7- 9 | 10-12 || total
---------------------------+-------+-------+-------+-------++-------
  Melee: Unarmed           |       |     4 |       |       ||     4
         Staff             |       |       |       |    27 ||    27
   Fire: Sling             |       |    16 |    34 |       ||    50
  Throw: Boomerang         |     4 |       |     1 |    15 ||    20
   Cast: Sandblast         |    32 |    65 |   159 |   138 ||   394
         Stone Arrow       |       |       |    11 |   125 ||   136
         Brom's Barrelling |       |       |       |   104 ||   104
 Invoke: Curse Item        |       |       |     3 |     3 ||     6
    Use: Scroll            |       |       |       |     1 ||     1
         Potion            |       |       |       |     1 ||     1
 Armour: Robe              |     5 |    24 |    87 |   169 ||   285
  Dodge: Dodged            |     3 |    13 |    62 |    94 ||   172
  Block: Buckler           |       |       |    34 |    90 ||   124
